 Dungeon Crawl Stone Soup version 0.23.2-1-ga50397a (webtiles) character file.

Game seed: 8637511629501893478

249 dengdeng the Chopper (level 5, -6/70 HPs)
             Began as a Minotaur Berserker on May 22, 2019.
             Was a Believer of Trog.
             Mangled by an orc
             ... wielding a +0 flail
              (8 damage)
             ... on level 3 of the Dungeon.
             The game lasted 00:06:55 (2513 turns).

dengdeng the Chopper (Minotaur Berserker)           Turns: 2513, Time: 00:06:56

Health: -6/70      AC:  7    Str: 28    XL:     5   Next: 86%
Magic:  4/4        EV: 11    Int:  4    God:    Trog [**....]
Gold:   183        SH:  0    Dex:  9    Spells: 4/4 levels left

rFire    . . .     SeeInvis .   d - +0 morningstar
rCold    . . .     Gourm    .   (no shield)
rNeg     . . .     Faith    .   l - +0 scale mail
rPois    .         Spirit   .   (helmet restricted)
rElec    .         Reflect  .   (no cloak)
rCorr    .         Harm     .   (no gloves)
MR       .....                  (no boots)
Stlth    ..........             (no amulet)
HPRegen  0.21/turn              j - ring of wizardry
MPRegen  0.09/turn              (no ring)

@: berserking, very quick
A: retaliatory headbutt, horns 2
a: Berserk, Trog's Hand, Renounce Religion


You were on level 3 of the Dungeon.
You worshipped Trog.
Trog was pleased with you.
You were hungry.

You visited 1 branch of the dungeon, and saw 3 of its levels.

You collected 183 gold pieces.

Inventory:

Hand Weapons
 a - a +0 hand axe
 d - a +0 morningstar (weapon)
Missiles
 i - 75 stones
 k - 4 tomahawks (quivered)
Armour
 l - a +0 scale mail (worn)
Jewellery
 j - a ring of wizardry (left hand)
 r - an uncursed ring of positive energy {unknown}
Scrolls
 b - a scroll of noise {unknown}
 e - 3 scrolls of remove curse {unknown}
 g - a scroll of teleportation {unknown}
 n - 2 scrolls of identify {unknown}
Potions
 f - 2 potions of lignification {unknown}
 h - a potion of might {unknown}
 m - a potion of degeneration {unknown}
 o - 2 potions of brilliance {unknown}
 p - a potion of curing {unknown}
 s - a potion of flight {unknown}
Comestibles
 c - 4 rations
 q - 6 chunks of flesh


   Skills:
 + Level 4.9 Fighting
 + Level 5.0 Axes
 + Level 1.1(3.3) Maces & Flails
 + Level 0.4 Throwing
 * Level 5.0 Armour
 + Level 2.7 Dodging
 + Level 0.3 Stealth


You had 4 spell levels left.
You didn't know any spells.
Your spell library was empty.

Dungeon Overview and Level Annotations

Branches:
Dungeon (3/15)

Altars:
Fedhas
Hepliaklqana
Nemelex Xobeh
Wu Jian
Xom
Zin


Innate Abilities, Weirdness & Mutations

You reflexively headbutt those who attack you in melee.
You have a pair of horns on your head.


Message History

The orc hits you but does no damage.
The orc priest hits you but does no damage.
Something hits you but does no damage. The orc hits you but does no damage.
The orc closely misses you. You furiously retaliate!
You headbutt the orc. Something hits you but does no damage.
The orc priest hits you with a +0 hand axe.
* * * LOW HITPOINT WARNING * * *
A red film seems to cover your vision as you go berserk!
You feel yourself moving faster!
You feel mighty!
You are feeling hungry.
The orc barely misses you. You furiously retaliate!
You headbutt the orc!
You kill the orc!
Trog accepts your kill. Something hits you but does no damage.
You hit something.
The orc priest calls down the wrath of Beogh upon you.
Beogh smites you!
* * * LOW HITPOINT WARNING * * *
The orc hits you with a +0 flail!
You die...

###....#...##.............#
.....##.######...........##
.... #....# #.........###
.. ####.###....<...######
#..##.........##...
##(########.#......
#.......# .##.....
#.......# ##..... #o@[....#
#..... #o{.....# #.....
#......... #.....
#.......## #..... #.......#
##.... #..>....# ##...
#.......# #### #.......# ##
##.


You could see an orc priest and an orc.

Vanquished Creatures
  Jessica (D:2)
  Terence (D:2)
  Natasha (thrice) (D:2)
  3 gnolls (D:3)
  3 adders
  An ooze (D:1)
  2 worms
  A dart slug (D:1)
  2 leopard geckos
  2 orcs (D:3)
  A giant cockroach (D:2)
  6 goblins
  7 hobgoblins
  4 jackals (D:2)
  5 kobolds
  7 bats
  5 frilled lizards
  5 rats
59 creatures vanquished.

Notes
Turn   | Place    | Note
-------+----------+-------------------------------------------
     0 | D:1      | dengdeng the Minotaur Berserker began the quest for the
                  | Orb.
     0 | D:1      | Reached XP level 1. HP: 19/19 MP: 0/0
   394 | D:1      | Reached XP level 2. HP: 27/27 MP: 1/1
   796 | D:1      | Found a sparkling altar of Nemelex Xobeh.
   938 | D:2      | Noticed Terence
   947 | D:2      | Killed Terence
   947 | D:2      | Reached XP level 3. HP: 33/34 MP: 2/2
  1211 | D:2      | Reached XP level 4. HP: 41/41 MP: 3/3
  1212 | D:2      | Noticed Natasha
  1217 | D:2      | Killed Natasha
  1302 | D:2      | Reached ** piety under Trog
  1312 | D:2      | Noticed Natasha
  1319 | D:2      | Killed Natasha
  1465 | D:2      | Found an ornate altar of the Wu Jian Council.
  1473 | D:2      | Noticed Natasha
  1487 | D:2      | Killed Natasha
  1487 | D:2      | Reached skill level 5 in Axes
  1487 | D:2      | Reached XP level 5. HP: 20/47 MP: 4/4
  1947 | D:2      | Found a glowing silver altar of Zin.
  1947 | D:2      | Noticed Jessica
  1950 | D:2      | Killed Jessica
  1950 | D:2      | Reached skill level 1 in Maces & Flails
  2406 | D:3      | Found a blossoming altar of Fedhas.
  2409 | D:3      | Found a shimmering altar of Xom.
  2412 | D:3      | Found a hazy altar of Hepliaklqana.
  2509 | D:3      | Reached skill level 5 in Armour
  2513 | D:3      | HP: 2/70 [orc priest/divine providence (11)]
  2513 | D:3      | Mangled by an orc

Skill      XL: |  1  2  3  4  5 |
---------------+----------------+-----
Fighting       | 4 |  4.9
Axes           | 4 5 |  5.0
Armour         | 3 5 |  5.0
Maces & Flails | 1 |  1.1
Throwing       | |  0.4
Dodging        | |  2.7
Stealth        | |  0.3

Action                   |  1- 3 |  4- 6 || total
-------------------------+-------+-------++-------
Melee: Hand axe          |    37 |       ||    37
       Headbutt          |     8 |    11 ||    19
       Morningstar       |     9 |    68 ||    77
Throw: Tomahawk          |     4 |     2 ||     6
       Stone             |       |     9 ||     9
Invok: Berserk           |     1 |     2 ||     3
  Eat: Chunk             |     2 |     5 ||     7
Armor: Ring mail         |     8 |       ||     8
       Animal skin       |     1 |       ||     1
       Scale mail        |     7 |    36 ||    43
Dodge: Dodged            |    34 |    66 ||   100
